 Dungeon Sprint DCSS version 0.22-a0-346-ga714374 (webtiles) character file.

19242 emperorscorpion the Necromancer (level 12, -1/84 HPs)
             Began as an Octopode Necromancer on Apr 6, 2018.
             Was the Champion of Vehumet.
             Slain by a swamp dragon (8 damage)
             ... in the Dungeon (Sprint IX: "|||||||||||||||||||||||||||||").
             The game lasted 00:39:24 (2205 turns).

emperorscorpion the Necromancer (OpNe)              Turns: 2205, Time: 00:39:25

Health: -1/84      AC:  6    Str: 13    XL:     12   Next: 66%
Magic:  13/31      EV: 22    Int: 26    God:    Vehumet [******]
Gold:   102        SH:  3    Dex: 16    Spells: 5/41 levels left

rFire    + . .     SeeInvis .   a - +12 spear "Tanyr Isi" {pierce, *Rage Str+5 Int+4 Dex+4}
rCold    . . .     Gourm    .   (no shield)
rNeg     . . .     Faith    .   (helmet restricted)
rPois    .         Spirit   .   t - +3 amulet of reflection
rElec    .         Reflect  +   n - +2 ring of protection
rCorr    .         Harm     .   o - +2 ring of protection
MR       +....     Rnd*Rage +   u - +4 ring of evasion Stlth ++++++....NoTele +
                                v - +5 ring of protection
HPRegen  0.24/turn              w - ring of wizardry
MPRegen  0.22/turn              (no ring)
                                A - ring of protection from magic
                                z - ring of protection from fire

@: corroded, very slightly contaminated
A: almost no armour, stealthy swim, amphibious, 8 rings, constrict 8, camouflage
1, gelatinous body 1
a: Renounce Religion


You were in the Dungeon.
You worshipped Vehumet.
Vehumet was exalted by your worship.
You were not hungry.

You visited 1 branch You collected 1900 gold pieces.
You spent 1798 gold pieces at shops.

Inventory:

Hand Weapons
 a - the +12 spear "Tanyr Isi" (weapon) {pierce, *Rage Str+5 Int+4 Dex+4}
   (You found it in the Dungeon)

   It inflicts extra damage upon your enemies.
   It affects your strength (+5).
   It affects your intelligence (+4).
   It affects your dexterity (+4).
   It may make you go berserk in combat.
 p - a +4 quarterstaff of speed
 C - the cursed +1 trident of the Peculiar Cities {pierce, MR+ Str+4}
   (You found it in the Dungeon)

   It inflicts extra damage upon your enemies.
   It affects your strength (+4).
   It affects your resistance to hostile enchantments.
   It has a curse placed upon it.
Magical Staves
 b - an uncursed staff of energy
Jewellery
 g - an uncursed ring of poison resistance
 n - a +2 ring of protection (left tentacle)
 o - a +2 ring of protection (right tentacle)
 t - a +3 amulet of reflection (around mantle)
 u - a +4 ring of evasion (on tentacle)
 v - a +5 ring of protection (on tentacle)
 w - a ring of wizardry (on tentacle)
 z - a ring of protection from fire (on tentacle)
 A - a ring of protection from magic (on tentacle)
 B - an uncursed ring of ice
Scrolls
 h - 2 scrolls of blinking
 i - 5 scrolls of remove curse
 j - 2 scrolls of amnesia
 q - 7 scrolls of identify
 r - 2 scrolls of fog
 s - 2 scrolls of enchant armour
 x - a scroll of immolation
 y - a scroll of fear
 E - 2 scrolls of enchant weapon
Potions
 c - 5 potions of curing
 d - 7 potions of heal wounds
 e - 3 potions of haste
 f - 3 potions of magic
 m - a potion of lignification
Comestibles
 l - 9 rations


   Skills:
 + Level 8.7 Fighting
 + Level 10.0(10.8) Polearms
 - Level 6.5(9.2) Staves
 + Level 6.7 Dodging
 + Level 13.0 Stealth
 - Level 1.1 Unarmed Combat
 * Level 15.0 Spellcasting
 * Level 7.0 Conjurations
 + Level 5.3 Charms
 + Level 15.2 Necromancy
 + Level 1.2 Translocations
 - Level 0.9 Fire Magic
 + Level 3.5 Air Magic
 + Level 4.1 Earth Magic
 - Level 3.9 Poison Magic
 + Level 10.2 Evocations


You had 5 spell levels left.
You knew the following spells:

 Your Spells              Type           Power        Failure   Level  Hunger
a - Animate Skeleton      Necr           N/A          0%          1    None
b - Blink                 Tloc           N/A          1%          2    None
c - Conjure Flame         Conj/Fire      #####...     1%          3    None
d - Vampiric Draining     Necr           #######...   0%          3    None
e - Magic Dart            Conj           ####         1%          1    None
m - Mephitic Cloud        Conj/Pois/Air  #####...     1%          3    None
o - Orb of Destruction    Conj           ######....   13%         7    ######.
p - Pain                  Necr           ####         0%          1    None
r - Regeneration          Chrm/Necr      ######....   1%          3    None
s - Stone Arrow           Conj/Erth      #####.       1%          3    None
D - Animate Dead          Necr           N/A          1%          4    None
M - Bolt of Magma         Conj/Fire/Erth #####.....   1%          5    #......


Dungeon Overview and Level Annotations

Branches:
Dungeon (1/1)

Altars:
Cheibriados
Dithmenos
Elyvilon
Fedhas
Gozag
Hepliaklqana
Kikubaaqudgha
Makhleb
Nemelex Xobeh
Okawaru
Qazlal
Ru
Sif Muna
Trog
Uskayaw
Vehumet
Wu Jian
Xom
Yredelemnul
Zin
The Shining One
Beogh
Jiyva
Lugonu

Shops:
D !==?


Innate Abilities, Weirdness & Mutations

You cannot wear most types of armour.
You are very stealthy in the water. (Stealth+)
You are amphibious.
You can wear up to eight rings at the same time.
You can use your tentacles to constrict eight enemies at once.
Your skin changes colour to match your surroundings (Stealth+).
Your rubbery body absorbs attacks. (AC +1, EV +1)


Message History

Confirm with . or Enter, or press ? or * to list all spells.
You blink.
A slime creature comes into view.
The slime creature quivers.
An insubstantial wisp comes into view.
The insubstantial wisp gives a chilling moan.
The bog body points at you and mumbles some strange words.
The bolt of cold misses you.
You see here a spiny frog corpse.
You see here a bog body corpse.
Magic courses through your body. The slime creature closely misses you.
The bog body hits you!
* * * LOW HITPOINT WARNING * * *
The bog body misses you.
Unknown command.
Casting: Blink (safe; 1% risk of failure)
Confirm with . or Enter, or press ? or * to list all spells.
You blink.
The swamp dragon misses you. The swamp dragon completely misses you.
The swamp dragon tramples you!
You die...

*,,,,,,,,,,,,+,,,,,,,,,,,,,,,,
*,****************************
*,,,,,,,,,,,,,,,,,,,,,,,,,,,,,
******************************
*,,,,,,,,,,,,,,,,,+,,,,,,,,,,,
*,****************************
*,,,,,,,,,,,,,,,,,,,,,,,,,,,,,
▓▓▓▓▓▓▓▓▓▓▓▓▓▓▓▓♣♣♣♣♣♣♣♣♣♣▓***
▓............@Df'DnJ.v....+,,,
▓.▓▓▓▓▓▓▓▓▓▓▓▓▓▓♣♣♣♣♣♣♣♣♣♣▓▓▓▓
▓.............................
▓▓▓▓▓▓▓▓▓▓▓▓▓▓▓▓▓▓▓▓▓▓▓▓▓▓▓▓▓▓
▓.........'.....)))).))).[[[[[
▓.▓▓▓▓▓▓▓▓▓▓▓▓▓▓▓▓▓▓▓▓▓▓▓▓▓▓▓▓
▓.............................
▓▓▓▓▓▓▓▓▓▓▓▓▓▓▓▓▓▓▓▓▓▓▓▓▓▓▓▓▓▓
▓........)...[')).......))))')


You could see a thorn hunter, a seven-headed hydra, a swamp dragon, a slime
creature and a bog body.

Vanquished Creatures
  2 frost giants (D)
  A stone giant (D)
  Azrael (D)
  An ettin (D)
  A great orb of eyes (D)
  Erolcha (D)
  An ice dragon (D)
  A two-headed ogre (D)
  7 orc high priests (D)
  2 orc knights (D)
  A deep elf mage (D)
  An ugly thing (D)
  A cyclops (D)
  2 black mambas (D)
  A spiny frog (D)
  A komodo dragon (D)
  A slime creature (D)
  2 blink frogs (D)
  A bog body (D)
  A hippogriff (D)
  A spriggan (shapeshifter) (D)
  2 fire elementals (D)
  A yak (D)
  An acid dragon (D)
  4 hell hounds (D)
  A water moccasin (D)
  10 orc warriors (D)
  2 ice beasts (D)
  2 eyes of draining (D)
  3 wolves (D)
  2 crocodiles (D)
  4 bullfrogs (D)
  A gnoll sergeant (D)
  A scorpion (D)
  A wight (D)
  A crimson imp (D)
  A hound (D)
  2 orc wizards (D)
  11 orc priests (D)
  An adder (D)
  A shadow imp (D)
  2 adder skeletons (D)
  A leopard gecko (D)
  5 orcs (D)
  3 bats (D)
  A bat skeleton (D)
  A goblin (D)
  A hobgoblin (D)
  A quokka (D)
  A giant cockroach zombie (D)
  A quokka skeleton (D)
100 creatures vanquished.

Vanquished Creatures (collateral kills)
  An elephant (D)
  A komodo dragon (D)
  A warg (D)
  A hell hound (D)
  2 wolves (D)
  A crocodile (D)
  An orc wizard (D)
  An orc (D)
9 creatures vanquished.

Vanquished Creatures (others)
  A hippogriff (D)
1 creature vanquished.

Grand Total: 110 creatures vanquished

Notes
Turn   | Place    | Note
-------+----------+-------------------------------------------
     0 | D        | emperorscorpion the Octopode Necromancer began the quest for the Orb.
     0 | D        | Reached XP level 1. HP: 11/11 MP: 3/3
    17 | D        | Reached skill level 1 in Unarmed Combat
    25 | D        | Learned a level 1 spell: Animate Skeleton
   273 | D        | Noticed a hound
   275 | D        | Reached skill level 5 in Necromancy
   275 | D        | Reached XP level 2. HP: 17/17 MP: 1/5
   290 | D        | Reached skill level 5 in Stealth
   290 | D        | Reached XP level 3. HP: 18/22 MP: 2/6
   298 | D        | Learned a level 3 spell: Regeneration
   307 | D        | Found a roughly hewn altar of Beogh.
   307 | D        | Found a snail-covered altar of Cheibriados.
   307 | D        | Found a shadowy altar of Dithmenos.
   307 | D        | Found a white marble altar of Elyvilon.
   307 | D        | Found a blossoming altar of Fedhas.
   307 | D        | Found an opulent altar of Gozag.
   308 | D        | Found a hazy altar of Hepliaklqana.
   309 | D        | Found a viscous altar of Jiyva.
   310 | D        | Found an ancient bone altar of Kikubaaqudgha.
   311 | D        | Found a corrupted altar of Lugonu.
   312 | D        | Found a burning altar of Makhleb.
   313 | D        | Found a sparkling altar of Nemelex Xobeh.
   314 | D        | Found an iron altar of Okawaru.
   315 | D        | Found a stormy altar of Qazlal.
   316 | D        | Found a sacrificial altar of Ru.
   317 | D        | Found a deep blue altar of Sif Muna.
   318 | D        | Found a bloodstained altar of Trog.
   319 | D        | Found a hide-covered altar of Uskayaw.
   320 | D        | Found a radiant altar of Vehumet.
   321 | D        | Found an ornate altar of the Wu Jian Council.
   322 | D        | Found a shimmering altar of Xom.
   323 | D        | Found a basalt altar of Yredelemnul.
   324 | D        | Found a glowing silver altar of Zin.
   325 | D        | Found a glowing golden altar of the Shining One.
   328 | D        | Became a worshipper of Vehumet
   364 | D        | Noticed a scorpion
   364 | D        | Noticed an ice beast
   364 | D        | Noticed a gnoll sergeant
   364 | D        | Noticed an eye of draining
   366 | D        | Reached skill level 1 in Fighting
   366 | D        | Reached XP level 4. HP: 28/28 MP: 6/8
   369 | D        | Killed an ice beast
   369 | D        | Reached * piety under Vehumet
   369 | D        | Offered knowledge of Freeze by Vehumet.
   369 | D        | Reached skill level 1 in Evocations
   369 | D        | Reached XP level 5. HP: 34/34 MP: 0/10
   369 | D        | Reached skill level 1 in Charms
   369 | D        | Reached skill level 10 in Necromancy
   369 | D        | Reached XP level 6. HP: 41/41 MP: 0/12
   382 | D        | Killed an eye of draining
   382 | D        | Reached ** piety under Vehumet
   387 | D        | Learned a level 3 spell: Vampiric Draining
   410 | D        | Noticed a deep elf mage
   410 | D        | Noticed a hippogriff
   410 | D        | Noticed a cyclops
   428 | D        | Killed a hippogriff
   428 | D        | Reached skill level 5 in Spellcasting
   428 | D        | Reached XP level 7. HP: 44/47 MP: 4/14
   429 | D        | Killed a deep elf mage
   429 | D        | Reached skill level 5 in Fighting
   429 | D        | Reached skill level 5 in Staves
   429 | D        | Reached skill level 10 in Stealth
   429 | D        | Reached XP level 8. HP: 52/55 MP: 5/17
   440 | D        | Killed a cyclops
   440 | D        | Reached *** piety under Vehumet
   440 | D        | Reached skill level 5 in Evocations
   462 | D        | Learned a level 4 spell: Animate Dead
   564 | D        | Got the +12 spear "Tanyr Isi" {pierce, *Rage Str+5 Int+4 Dex+4}
   578 | D        | Noticed a yak
   581 | D        | Offered knowledge of Sandblast by Vehumet.
   586 | D        | Noticed a hippogriff
   587 | D        | Reached **** piety under Vehumet
   591 | D        | Reached skill level 1 in Polearms
   591 | D        | Reached XP level 9. HP: 48/62 MP: 19/19
   599 | D        | Reached ***** piety under Vehumet
   602 | D        | Reached skill level 5 in Dodging
   628 | D        | Noticed a komodo dragon
   628 | D        | Noticed a black mamba
   628 | D        | Noticed a black mamba
   628 | D        | Noticed a komodo dragon
   649 | D        | Killed a komodo dragon
   653 | D        | Killed a black mamba
   653 | D        | Reached skill level 5 in Polearms
   657 | D        | HP: 1/63 [black mamba (6)]
   658 | D        | Killed a black mamba
   671 | D        | Killed a komodo dragon
   671 | D        | Reached XP level 10. HP: 12/69 MP: 4/22
   673 | D        | Noticed an elephant
   684 | D        | Killed an elephant
   702 | D        | Reached ****** piety under Vehumet
   735 | D        | Offered knowledge of Inner Flame by Vehumet.
   790 | D        | Learned a level 1 spell: Magic Dart
   793 | D        | Learned a level 2 spell: Blink
   797 | D        | Learned a level 3 spell: Conjure Flame
   801 | D        | Learned a level 3 spell: Mephitic Cloud
   865 | D        | Noticed Erolcha
   875 | D        | Killed Erolcha
   875 | D        | Reached skill level 10 in Spellcasting
   905 | D        | Offered knowledge of Stone Arrow by Vehumet.
   941 | D        | Noticed an orc knight
   951 | D        | Learned a level 3 spell: Stone Arrow
   971 | D        | Killed an orc knight
   971 | D        | Offered knowledge of Irradiate by Vehumet.
   971 | D        | Reached skill level 1 in Poison Magic
  1011 | D        | Noticed an orc knight
  1029 | D        | HP: 1/72 [orc knight/long sword (20)]
  1030 | D        | Killed an orc knight
  1030 | D        | Reached skill level 1 in Conjurations
  1030 | D        | Reached skill level 1 in Air Magic
  1030 | D        | Reached XP level 11. HP: 10/76 MP: 15/25
  1165 | D        | Found Qeatapt's Distillery.
  1165 | D        | Noticed an orc high priest
  1165 | D        | Noticed an orc high priest
  1165 | D        | Noticed an orc high priest
  1180 | D        | Killed an orc high priest
  1180 | D        | Offered knowledge of Lee's Rapid Deconstruction by Vehumet.
  1279 | D        | Killed an orc high priest
  1303 | D        | Noticed a soul eater
  1306 | D        | Noticed an orc high priest
  1378 | D        | Noticed a soul eater
  1392 | D        | Killed an orc high priest
  1392 | D        | Offered knowledge of Orb of Destruction by Vehumet.
  1392 | D        | Reached skill level 1 in Earth Magic
  1432 | D        | Killed an orc high priest
  1446 | D        | Learned a level 7 spell: Orb of Destruction
  1480 | D        | Noticed an orc high priest
  1485 | D        | Noticed an orc high priest
  1488 | D        | Noticed a soul eater
  1498 | D        | Killed an orc high priest
  1516 | D        | Killed an orc high priest
  1516 | D        | Reached skill level 5 in Charms
  1534 | D        | Found Ykuod's Jewellery Shoppe.
  1542 | D        | Found Tiommef's Jewellery Emporium.
  1546 | D        | Found Meteor Gilu's Magic Scroll Shoppe.
  1549 | D        | Noticed an orc high priest
  1563 | D        | Killed an orc high priest
  1575 | D        | Bought a scroll of magic mapping for 45 gold pieces
  1582 | D        | Bought a potion of haste for 100 gold pieces
  1582 | D        | Bought a potion of lignification for 30 gold pieces
  1582 | D        | Bought a potion of curing for 30 gold pieces
  1584 | D        | Bought a +3 amulet of reflection for 172 gold pieces
  1587 | D        | Bought a +4 ring of evasion for 396 gold pieces
  1587 | D        | Bought a +5 ring of protection for 605 gold pieces
  1587 | D        | Bought an uncursed ring of wizardry for 330 gold pieces
  1668 | D        | Bought a scroll of immolation for 45 gold pieces
  1668 | D        | Bought a scroll of fear for 45 gold pieces
  1789 | D        | Got the cursed +1 trident of the Peculiar Cities {pierce, MR+ Str+4}
  1821 | D        | Noticed a two-headed ogre
  1824 | D        | Offered knowledge of Bolt of Magma by Vehumet.
  1838 | D        | Noticed an ettin
  1843 | D        | Noticed a frost giant
  1843 | D        | Killed a two-headed ogre
  1864 | D        | Noticed a great orb of eyes
  1866 | D        | Killed an ettin
  1867 | D        | Killed a frost giant
  1867 | D        | Reached XP level 12. HP: 84/84 MP: 17/29
  1875 | D        | Noticed an ice dragon
  1886 | D        | Killed a great orb of eyes
  1886 | D        | Reached skill level 1 in Translocations
  1888 | D        | Reached skill level 15 in Necromancy
  1893 | D        | Killed an ice dragon
  1901 | D        | Noticed a frost giant
  1928 | D        | Learned a level 5 spell: Bolt of Magma
  1951 | D        | Reached skill level 5 in Conjurations
  1959 | D        | Noticed a stone giant
  1984 | D        | Killed a frost giant
  1984 | D        | Offered knowledge of Bolt of Cold by Vehumet.
  1994 | D        | Killed a stone giant
  2061 | D        | Noticed Azrael
  2077 | D        | Killed Azrael
  2077 | D        | Reached skill level 10 in Polearms
  2077 | D        | Reached skill level 10 in Evocations
  2183 | D        | Noticed a thorn hunter
  2184 | D        | Noticed a seven-headed hydra
  2190 | D        | Offered knowledge of Freezing Cloud by Vehumet.
  2190 | D        | Reached skill level 15 in Spellcasting
  2205 | D        | Slain by a swamp dragon

Vault maps used:
D:        linesprint

Skill      XL: |  1  2  3  4  5  6  7  8  9 10 11 12 |
---------------+-------------------------------------+-----
Stealth        | 3 5 7 9 10 11 12 13 | 13.0
Unarmed Combat | 1 |  1.1
Necromancy     | 5 6 7 9 10 11 12 14 15 | 15.2
Fighting       | 1 2 3 5 6 7 8 |  8.7
Spellcasting   | 3 4 5 6 7 8 10 13 15 | 15.0
Dodging        | 3 4 5 6 |  6.7
Evocations     | 1 3 4 5 6 7 9 10 | 10.2
Charms         | 1 2 4 5 |  5.3
Staves         | 3 5 6 |  6.5
Polearms       | 1 6 8 9 10 | 10.0
Poison Magic   | 1 3 |  3.9
Conjurations   | 1 4 7 |  7.0
Air Magic      | 1 2 3 |  3.5
Earth Magic    | 3 4 |  4.1
Translocations | 1 |  1.2
Fire Magic     | |  0.9

Action                   |  1- 3 |  4- 6 |  7- 9 | 10-12 || total
-------------------------+-------+-------+-------+-------++-------
Melee: Unarmed           |    31 |       |       |       ||    31
       Constrict         |     7 |     3 |     7 |    16 ||    33
       Tentacles         |     5 |     3 |     2 |    28 ||    38
       Quarterstaff      |     1 |    21 |    11 |       ||    33
       Spear             |       |       |    38 |   201 ||   239
       Punch             |       |       |       |     3 ||     3
 Cast: Animate Skeleton  |     4 |     1 |     1 |     8 ||    14
       Regeneration      |     1 |     1 |     5 |    19 ||    26
       Vampiric Draining |       |     2 |     8 |    22 ||    32
       Animate Dead      |       |       |     3 |     6 ||     9
       Pain              |       |       |     3 |     3 ||     6
       Mephitic Cloud    |       |       |       |    25 ||    25
       Stone Arrow       |       |       |       |    43 ||    43
       Conjure Flame     |       |       |       |     4 ||     4
       Blink             |       |       |       |     3 ||     3
       Bolt of Magma     |       |       |       |     6 ||     6
       Orb of Destructio |       |       |       |     2 ||     2
Evoke: Staff of energy   |     2 |     3 |     3 |    78 ||    86
       Wand              |       |     4 |     3 |     3 ||    10
  Use: Potion            |     1 |       |     3 |     8 ||    12
       Scroll            |       |       |       |     1 ||     1
 Stab: Sleeping          |     3 |       |     1 |     1 ||     5
       Distracted        |     1 |       |       |       ||     1
       Invisible         |       |       |     3 |       ||     3
       Confused          |       |       |       |     4 ||     4
  Eat: Chunk             |       |       |     1 |     4 ||     5
       Ration            |       |       |       |     2 ||     2
Armor: Skin              |     4 |       |     4 |     8 ||    16
Dodge: Dodged            |    17 |    14 |    24 |    69 ||   124

Table legend:
 A = Spawn XP
 B = Non-spawn XP
 C = Spawn XP percentage of total XP
 D = Spawn monster count
 E = Non-spawn monster count
 F = Spawn count percentage of total count
 G = Total turns spent on level
                    A         B        C        D         E        F      G
               +---------+---------+-------+---------+---------+-------+---------
         Total |       0 |   27489 |   0.0 |       0 |     110 |   0.0 |  2205
               +---------+---------+-------+---------+---------+-------+---------
             D |       0 |   27489 |   0.0 |       0 |     110 |   0.0 |  2205
               +---------+---------+-------+---------+---------+-------+---------
